 Dungeon Crawl Stone Soup version 0.28.0-49-g6dfe1f597d (webtiles) character file.

Game seed: 7845858597268384303

1561 CryoSword the Carver (level 8, -5/60 HPs)
             Began as a Demonspawn Fighter on May 15, 2022.
             Was a Follower of Kikubaaqudgha.
             Slain by an orc warrior
             ... wielding a +0 halberd
              (15 damage)
             ... on level 6 of the Dungeon.
             The game lasted 00:10:12 (7643 turns).

CryoSword the Carver (Demonspawn Fighter)           Turns: 7643, Time: 00:10:13

Health: -5/60      AC:  9    Str: 20    XL:     8   Next: 58%
Magic:  17/17      EV: 11    Int: 22    God:    Kikubaaqudgha [*.....]
Gold:   41         SH:  4    Dex: 11    Spells: 0/7 levels left

rFire   + . .      SeeInvis .   y - +4 quarterstaff "Rajefosi" {freeze, rF+ Int+2}
rCold   . . .      Faith    .   (shield currently unavailable)
rNeg    + + +      Spirit   .   n - +0 robe of Lethargy {rElec rN+++ MP+9 Str+4 Dex-2}
rPois   .          Reflect  .   s - +0 helmet
rElec   +          Harm     .   f - +0 cloak
rCorr   .          Rampage  .   (no gloves)
Will    .....                   a - +0 pair of boots
Stlth   +.........              (no amulet)
HPRegen 0.20/turn               h - +6 ring of intelligence
MPRegen 0.15/turn               (no ring)

@: no status effects
A: foul stench 2, icemail 1, big brain 1, condensation shield, demonic touch 1
a: Renounce Religion, Receive Corpses


You were on level 6 of the Dungeon.
You worshipped Kikubaaqudgha.
Kikubaaqudgha was aware of your devotion.
You visited 1 branch of the dungeon, and saw 6 of its levels.

You collected 338 gold pieces.
You spent 297 gold pieces at shops.

Inventory:

Hand Weapons
 y - the +4 quarterstaff "Rajefosi" (weapon) {freeze, rF+ Int+2}
   (You bought it in a shop on level 2 of the Dungeon)

   It freezes those it strikes, dealing additional cold damage.
   It can also slow down cold-blooded creatures.
   Int:       It affects your intelligence (+2).
   rF:        It protects you from fire.
Missiles
 q - 4 poisoned darts (quivered)
 x - a curare-tipped dart
Armour
 a - a +0 pair of boots (worn)
   (You found it on level 6 of the Dungeon)
 c - a +0 buckler
 f - a +0 cloak (worn)
   (You took it off Crazy Yiuf on level 5 of the Dungeon)
 n - the +0 robe of Lethargy (worn) {rElec rN+++ MP+9 Str+4 Dex-2}
   (You found it on level 5 of the Dungeon)

   Str:       It affects your strength (+4).
   Dex:       It affects your dexterity (-2).
   rElec:     It insulates you from electricity.
   rN:        It renders you almost immune to negative energy.
   MP:        It affects your magic capacity (+9).
 s - a +0 helmet (worn)
   (You found it on level 3 of the Dungeon)
Jewellery
 h - a +6 ring of intelligence (left hand)
   (You found it on level 2 of the Dungeon)
Scrolls
 i - a scroll of fear
 j - a scroll of enchant armour
 m - a scroll of blinking {unknown}
 r - a scroll of immolation {unknown}
 t - a scroll of noise {unknown}
Potions
 b - a potion of resistance {unknown}
 d - a potion of might
 g - a potion of brilliance {unknown}
 k - 2 potions of lignification {!q}
 l - a potion of flight {unknown}
 o - 5 potions of curing {@q1}
 p - a potion of ambrosia
 u - 2 potions of heal wounds {unknown}
 v - a potion of mutation {unknown}
 w - a potion of attraction {!q}


   Skills:
 - Level 3.6 Fighting
 - Level 8.7 Long Blades
 * Level 2.2 Staves
 - Level 3.2 Armour
 - Level 1.0 Stealth
 - Level 3.4 Shields
 + Level 2.7 Necromancy


You couldn't memorise any spells.
You knew the following spells:

 Your Spells              Type           Power      Damage    Failure   Level
a - Pain                  Necr           48%        1d6       5%          1
b - Vampiric Draining     Necr           12%        2d6       16%         3
S - Sublimation of Blood  Necr           12%        N/A       9%          2
Z - Animate Skeleton      Necr           24%        N/A       5%          1

Your spell library contained the following spells:

 Spells                   Type           Power      Damage    Failure   Level
 Petrify                  Tmut/Erth      0%         N/A       86%         4
 Irradiate                Conj/Tmut      0%         3d13      99%         5


Dungeon Overview and Level Annotations

Branches:
Dungeon (6/15)
 Temple: D:4-7

Altars:
Ashenzari
Cheibriados
Gozag
Kikubaaqudgha
Qazlal
Yredelemnul

Shops:
D:2 *


Innate Abilities, Weirdness & Mutations

You sometimes emit foul miasma when damaged in melee.
A meltable icy envelope protects you from harm. (AC +4)
You have an unusually large brain. (Int +2)
A meltable shield of frost defends you. (SH +4)
Your touch may inflict minor irresistible damage on your foes.


Message History

Memorise Animate Skeleton, consuming 1 spell level and leaving 6?
You start memorising the spell.
You continue memorising.
You finish memorising.
Spell assigned to 'Z'.
Memorise Pain, consuming 1 spell level and leaving 5?
You start memorising the spell.
You continue memorising.
You finish memorising.
Spell assigned to 'a'.
Memorise Sublimation of Blood, consuming 2 spell levels and leaving 3?
You start memorising the spell.
You continue memorising. x2
You finish memorising.
Spell assigned to 'S'.
This spell is dangerous to cast!
Memorise Vampiric Draining, consuming 3 spell levels and leaving 0?
You start memorising the spell.
You continue memorising. x3
You finish memorising.
Spell assigned to 'b'.
Okay, then.
You climb downwards.
There is a stone staircase leading up, spattered with blood here.
Could not explore, unopened door.
Could not explore, unopened door.
As you open the door, it creaks loudly!
A scorpion comes into view.
There is an open door here.
A scorpion is nearby!
A scorpion is nearby!
You sock the scorpion! You freeze the scorpion.
You kill the scorpion!
Kikubaaqudgha accepts your kill.
Your Necromancy skill increases to level 2!
No target in view!
No target in view!
A rock wall.
As you read the scroll of identify {@r1}, it crumbles to dust.
w - a potion of attraction You drop a +0 long sword.
You drop a +0 falchion.
Found a whip.
You see here a +0 whip.
You now have 17 gold pieces (gained 12).
Found a dagger.
Found 14 arrows.
You see here 14 arrows.
Found a robe.
Found 4 javelins and a short sword.
u - 2 bubbling sapphire potions (gained 1)
Found a flail.
a - a +0 pair of boots You see here a +0 flail.
A hound comes into view.
A hound is nearby!
You start putting on your armour.
You continue putting on your +0 pair of boots. x4
You finish putting on your +0 pair of boots.
The hound barks!
A hound is nearby!
A hound is nearby!
Found 13 gold pieces.
You see here 11 gold pieces.
You hit the hound. You freeze the hound. The hound bites you.
The hound bites you but does no damage.
You hit the hound. You freeze the hound. The hound closely misses you.
The hound bites you.
You closely miss the hound. The hound barely misses you. x2
You thump the hound! You freeze the hound.
You kill the hound!
Kikubaaqudgha accepts your kill.
Your Staves skill increases to level 1!
No target in view!
You now have 28 gold pieces (gained 11).
You now have 41 gold pieces (gained 13).
Could not explore, unopened door.
Could not explore, unopened door.
Could not explore, unopened door.
You open the door.
Found a stone staircase leading up.
Found a stone staircase leading down.
There is an open door here.
Found a stormy altar of Qazlal.
No target in view!
No target in view!
b - a grey potion A steam dragon comes into view.
A steam dragon is nearby!
A steam dragon is nearby!
A steam dragon is nearby!
An orc warrior and an orc come into view.
The orc warrior shouts!
An orc comes into view. It is wielding a +0 whip.
The steam dragon hisses angrily.
The orc shouts!
The steam dragon bites you but does no damage.
The steam dragon claws you.
You hit the steam dragon. You freeze the steam dragon.
The steam dragon breathes steam at you. The ball of steam hits you.
Your icy defenses dissipate!
You resist.
You sock the steam dragon! You freeze the steam dragon.
The steam dragon bites you.
You emit a cloud of foul miasma!
The steam dragon claws you.
The orc warrior hits you from afar with a +0 halberd!!
The steam dragon is engulfed in dark miasma.
The steam dragon is poisoned.
You kill the steam dragon!
Kikubaaqudgha accepts your kill.
Your Staves skill increases to level 2!
The orc is engulfed in a cloud of scalding steam.
The orc barely misses you.
The orc warrior is engulfed in a cloud of scalding steam.
The orc warrior hits you from afar with a +0 halberd.
You barely miss the orc. The orc closely misses you.
The orc warrior closely misses you.
You barely miss the orc. The orc barely misses you.
The orc warrior hits you from afar with a +0 halberd!
* * * LOW HITPOINT WARNING * * *
There is an open door here.
There is a stone staircase leading up here.
The orc warrior misses you. The orc misses you.
You climb upwards.
There is a stone staircase leading down here.
You hit the orc. You freeze the orc. The orc hits you with a +0 flail.
* * * LOW HITPOINT WARNING * * *
You emit a cloud of foul miasma!
The orc is engulfed in dark miasma.
The orc is poisoned.
The orc seems to slow down.
You kill the orc!
Kikubaaqudgha accepts your kill.
You start resting.
Your icy envelope is restored.
You start resting.
There is a stone staircase leading down, spattered with blood here.
You climb downwards.
The orc warrior barely misses you.
The orc warrior hits you from afar with a +0 halberd!
There is a stone staircase leading up here.
The orc warrior hits you with a +0 halberd!!
* * * LOW HITPOINT WARNING * * *
You sock the orc warrior! You freeze the orc warrior.
The orc warrior barely misses you.
You hit the orc warrior. You freeze the orc warrior.
The orc warrior hits you with a +0 halberd.
* * * LOW HITPOINT WARNING * * *
You hit the orc warrior but do no damage.
The orc warrior hits you with a +0 halberd!
* * * LOW HITPOINT WARNING * * *
You closely miss the orc warrior. You block the orc warrior's attack.
The orc warrior misses you.
You hit the orc warrior but do no damage.
The orc warrior hits you with a +0 halberd.
* * * LOW HITPOINT WARNING * * *
You closely miss the orc warrior. You block the orc warrior's attack.
You hit the orc warrior. You freeze the orc warrior.
The orc warrior hits you with a +0 halberd!
You die...
Kikubaaqudgha rasps: "You have failed me!
Welcome... death!"

.#.....##..........##....§≈.#
.#.........######.###.......#
.....[(###.# #.# #.§§§§§.##
.......# #.# #.# #........#
#...##.# #.# ##'###..§§.§..#
#...##.# .# ##...##........#
..).. ##.....#.####...#
#....... ##..o.....# #.##
..####.. #...@.....# ..# ...
.. +..<......# .. ###
#.........# ##.....>....
##.....#### ##...## ##+##


You could see an orc warrior.

Vanquished Creatures
  A steam dragon (D:6)
  A water moccasin (D:4)
  An orc warrior (D:5)
  An ice beast (D:5)
  2 necrophages (D:5)
  2 ogres
  3 scorpions
  A water moccasin skeleton (D:5)
  A centaur zombie (D:5)
  A bullfrog zombie (D:5)
  2 hounds
  An orc priest (D:5)
  A bullfrog skeleton (D:5)
  A jelly (D:5)
  Crazy Yiuf (D:5)
  3 iguanas (D:5)
  2 orc wizards
  A hound skeleton (D:5)
  4 gnolls (D:2)
  5 adders
  A worm (D:2)
  6 dart slugs
  13 orcs
  10 endoplasms
  4 giant cockroaches
  6 goblins
  8 hobgoblins
  5 quokkas
  6 ball pythons
  10 bats
  7 frilled lizards
  8 kobolds
  4 rats
123 creatures vanquished.

Vanquished Creatures (others)
  An orc (D:6)
1 creature vanquished.

Grand Total: 124 creatures vanquished

Notes
Turn   | Place    | Note
-------+----------+-------------------------------------------
     0 | D:1      | CryoSword the Demonspawn Fighter began the quest for the
                  | Orb.
     0 | D:1      | Reached XP level 1. HP: 18/18 MP: 1/1
    62 | D:1      | Reached skill level 2 in Long Blades
    67 | D:1      | Gained mutation: You may rarely emit foul miasma when
                  | damaged in melee. [demonic ancestry]
    67 | D:1      | Reached XP level 2. HP: 13/24 MP: 2/2
   808 | D:1      | Found a faded altar of an unknown god.
   867 | D:1      | Gained mutation: A meltable shield of frost defends you.
                  | (SH +4) [demonic ancestry]
   867 | D:1      | Reached XP level 3. HP: 27/29 MP: 3/3
  1826 | D:2      | Found Bupsiunn's Assorted Antiques.
  1834 | D:2      | Bought a scroll labelled COECESHR TUTASTOEH for 25 gold
                  | pieces
  1834 | D:2      | Bought a murky green potion for 22 gold pieces
  1834 | D:2      | Bought a scroll labelled COEGGE SUSTU for 25 gold pieces
  2037 | D:2      | Gained mutation: You sometimes emit foul miasma when
                  | damaged in melee. [demonic ancestry]
  2037 | D:2      | Reached XP level 4. HP: 35/35 MP: 4/4
  2389 | D:2      | Reached skill level 3 in Long Blades
  2916 | D:3      | Found an ancient bone altar of Kikubaaqudgha.
  2961 | D:3      | Found a snail-covered altar of Cheibriados.
  3139 | D:3      | Reached skill level 1 in Stealth
  3139 | D:3      | Gained mutation: Your touch may inflict minor irresistible
                  | damage on your foes. [demonic ancestry]
  3139 | D:3      | Reached XP level 5. HP: 28/42 MP: 5/5
  3449 | D:4      | Noticed a water moccasin
  3461 | D:4      | Killed a water moccasin
  3462 | D:4      | Reached skill level 4 in Long Blades
  3573 | D:4      | Gained mutation: You have an unusually large brain. (Int
                  | +2) [demonic ancestry]
  3573 | D:4      | Reached XP level 6. HP: 21/48 MP: 6/6
  3587 | D:4      | HP: 1/48 [something/magic dart (6)]
  3741 | D:4      | Found a basalt altar of Yredelemnul.
  3778 | D:4      | Reached skill level 5 in Long Blades
  3996 | D:4      | Found a broken altar of Ashenzari.
  4450 | D:4      | Found an opulent altar of Gozag.
  4572 | D:3      | Became a worshipper of Kikubaaqudgha
  4614 | D:5      | Entered Level 5 of the Dungeon
  4666 | D:5      | Found a runed translucent door.
  4667 | D:5      | Noticed Crazy Yiuf
  5123 | D:5      | Gained mutation: A meltable icy envelope protects you from
                  | harm. (AC +4) [demonic ancestry]
  5123 | D:5      | Reached XP level 7. HP: 23/53 MP: 7/7
  5145 | D:5      | Reached skill level 6 in Long Blades
  5680 | D:5      | Reached skill level 7 in Long Blades
  6034 | D:5      | Reached XP level 8. HP: 59/60 MP: 8/8
  6092 | D:5      | Reached skill level 8 in Long Blades
  6438 | D:5      | Identified the +0 robe of Lethargy {rElec rN+++ MP+9 Str+4
                  | Dex-2}
  6643 | D:5      | Reached skill level 1 in Necromancy
  6896 | D:5      | Killed Crazy Yiuf
  6964 | D:2      | Bought a steaming quarterstaff for 225 gold pieces
  6964 | D:2      | Identified the +4 quarterstaff "Rajefosi" {freeze, rF+
                  | Int+2} (You bought it in a shop on level 2 of the Dungeon)
  7025 | D:6      | Reached * piety under Kikubaaqudgha
  7025 | D:6      | Received a gift from Kikubaaqudgha
  7239 | D:5      | Learned a level 1 spell: Animate Skeleton
  7241 | D:5      | Learned a level 1 spell: Pain
  7244 | D:5      | Learned a level 2 spell: Sublimation of Blood
  7248 | D:5      | Learned a level 3 spell: Vampiric Draining
  7370 | D:6      | Reached skill level 1 in Staves
  7416 | D:6      | Found a stormy altar of Qazlal.
  7643 | D:6      | Slain by an orc warrior

Illustrated notes

Levels and vault maps discovered:
D:1:      onia_arrival_mini_spirals, layout_basic,
          shapermc_ecumenical_altar_mp_ritualfount, minmay_stone_trees_small
D:2:      minmay_chambers_of_ones, layout_basic, serial_shops,
          nicolae_shop_hallway_stairs, minmay_unequal
D:3:      layout_rooms, mainiacjoe_overflow_catwalk,
          mainiacjoe_overflow_chevrons
D:4:      layout_cave_pools, cheibrodos_ashenzari_chains,
          mainiacjoe_overflow_small_starburst, lemuel_doored_altar
D:5:      minmay_opposing_rooms, layout_loops_corners, uniq_crazy_yiuf_cottage
D:6:      layout_loops_corners, nicolae_qazlal_scattered_showers

Skill      XL: |  1  2  3  4  5  6  7  8 |
---------------+-------------------------+-----
Long Blades    | 2 3 4 5 7 8 |  8.7
Armour         | 3 |  3.2
Shields        | 3 |  3.4
Stealth        | 1 |  1.0
Necromancy     | 2 |  2.7
Staves         | 2 |  2.2
Fighting       | |  3.6

Action                   |  1- 3 |  4- 6 |  7- 9 || total
-------------------------+-------+-------+-------++-------
Melee: Long sword        |   161 |   158 |       ||   319
       Falchion          |       |       |   112 ||   112
       Quarterstaff      |       |       |    20 ||    20
Throw: Throwing net      |       |     1 |       ||     1
       Dart              |       |       |     6 ||     6
  Use: Scroll            |       |     5 |     1 ||     6
       Potion            |       |     1 |     1 ||     2
 Stab: Held in net/web   |       |     1 |       ||     1
Armor: Scale mail        |    94 |    50 |    27 ||   171
       Robe              |       |       |     4 ||     4
Dodge: Dodged            |    73 |    59 |    40 ||   172
Block: Buckler           |    64 |    74 |    43 ||   181
       Other             |       |       |     2 ||     2
